 Dungeon Crawl Stone Soup version 0.30.1-3-gfc49f6343a (webtiles) character file.

Game seed: 506745862374869309

8787 Wiggles the Severer (level 11, -5/76 (82) HPs)
             Began as a Minotaur Berserker on July 29, 2023.
             Was a High Priest of Trog.
             Slain by a yak (7 damage)
             ... summoned by an orange crystal statue
             ... on level 9 of the Dungeon.
             The game lasted 00:17:14 (8869 turns).

Wiggles the Severer (Minotaur Berserker)            Turns: 8869, Time: 00:17:15

HP:   -5/76 (82)    AC: 11    Str: 26    XL:     11   Next: 14%
MP:   2/10          EV: 14    Int:  7    God:    Trog [*****.]
Gold: 633           SH:  5    Dex: 10    Spells: 10/10 levels left

rFire   . . .        A - +2 war axe (heavy)
rCold   . . .        (no shield)
rNeg    . . .        w - +1 chain mail "Roih" {+Blink Will- rCorr Int+3}
rPois   .            (helmet restricted)
rElec   .            (no cloak)
rCorr   +            c - +1 pair of gloves
SInv    .            (no boots)
Will    .....        q - amulet of reflection Stlth
                     d - +5 ring of evasion
HPRegen 0.32/turn    v - ring of willpower
MPRegen 0.12/turn

%: reflection
@: on berserk cooldown, slowed, drained, very slow
A: horns 2, retaliatory headbutt
a: Renounce Religion, Evoke Blink, Berserk, Trog's Hand, Brothers in Arms


You were on level 9 of the Dungeon.
You worshipped Trog.
Trog was extremely pleased with you.
You visited 1 branch of the dungeon, and saw 9 of its levels.

You collected 633 gold pieces.

Inventory:

Hand Weapons
 s - a +0 battleaxe
 A - a +2 heavy war axe (weapon)
Armour
 c - a +1 pair of gloves (worn)
 w - the +1 chain mail "Roih" (worn) {+Blink Will- rCorr Int+3}
   (You found it on level 4 of the Dungeon)

   Int:       It affects your intelligence (+3).
   +Blink:    It lets you blink.
   rCorr:     It protects you from acid and corrosion.
   Will:      It decreases your willpower.
 C - a +1 plate armour
Jewellery
 d - a +5 ring of evasion (left hand)
 e - a ring of resist corrosion
 k - an amulet of faith
 q - an amulet of reflection (around neck)
 v - a ring of willpower (right hand)
Wands
 g - a wand of iceblast (19)
 n - a wand of quicksilver (3)
Scrolls
 a - 2 scrolls of blinking
 f - 2 scrolls of teleportation
 h - 4 scrolls of identify
Potions
 b - a potion of degeneration
 i - a potion of cancellation
 j - a potion of berserk rage
 l - a potion of magic {unknown}
 m - 2 potions of curing
 o - a potion of ambrosia
 p - 4 potions of heal wounds
 r - 2 potions of invisibility
 t - a potion of mutation
 x - 2 potions of flight
 B - 4 potions of lignification


   Skills:
 - Level 3.6 Fighting
 + Level 19.1 Axes
 - Level 2.4 Armour
 - Level 2.1 Dodging
 - Level 0.3 Stealth
 - Level 6.4 Shields
 - Level 1.6 Evocations


You had 10 spell levels left.
You didn't know any spells.
Your spell library was empty.

Dungeon Overview and Level Annotations

Branches:
Dungeon (9/15)             Temple (0/1) D:7             Orc (0/2) D:9
   Lair: D:8-11

Altars:
Ashenzari
Dithmenos
Elyvilon
Fedhas
Kikubaaqudgha
Ru
Sif Muna
Xom
Yredelemnul
Zin

Shops:
D:9 [

Annotations:
D:9 exclusion: orange crystal statue


Innate Abilities, Weirdness & Mutations

You have a pair of horns on your head.
You reflexively headbutt those who attack you in melee.


Message History

You slash the orange crystal statue!
You headbutt the orange crystal statue, but do no damage.
The orange crystal statue is moderately damaged.
You feel a strong urge to attack something.
You slash the orange crystal statue!
You headbutt the orange crystal statue!!
The orange crystal statue is severely damaged.
The orange crystal statue glitters.
You are confused.
The orange crystal statue fixes its piercing gaze on you.
Something tries to feed on your intellect!
You're too confused to move!
You feel a strong urge to attack something.
You are no longer berserk.
You are exhausted.
You feel yourself slow down.
You feel less confused.
The orange crystal statue glitters.
You hit the yak. You headbutt the yak!
The yak is heavily wounded.
You slash the yak! The yak gores you!
* * * LOW HITPOINT WARNING * * *
The yak gores you.
* * * LOW HITPOINT WARNING * * *
You hit the yak but do no damage.
The yak is heavily wounded.
You slice the yak!! The yak completely misses you. You furiously retaliate!
You headbutt the yak.
You kill the yak!
The yak's corpse dissolves into shadows!
The yak gores you but does no damage.
You slash the yak! Your headbutt misses the yak.
The yak is moderately wounded.
You slice the yak!!
You kill the yak!
The yak's corpse dissolves into shadows!
You hit the yak. You closely miss the yak. The yak gores you!
* * * LOW HITPOINT WARNING * * *
The yak gores you but does no damage. The yak gores you!
You die...

#)# #.....'....'. #.#
#.....######. #.# #.....#
#. #.# #.....# #. #)##
####.#'### ## #...##
#....#.#### #
##.#..###.####....# #
###...........#####'## ###
.$......Y@Y..........# #.'
.........YY).........###.#
.....................#...#
................<....'.###
........8?...........### #
.....................# #
.....................#
###..........^###'####
#...........#...#


You could see an orange crystal statue and 4 yaks.

Vanquished Creatures
  Pikel (D:4)
  A cyclops (D:6)
  The ghost of Pepete the Thaumaturge, a novice DECj (D:7)
  2 hornets
  A wyvern (D:9)
  A wraith (D:6)
  14 yaks (D:9)
  Eustachio (D:5)
  4 wargs (D:9)
  Menkaure (D:5)
  A steam dragon (D:7)
  3 acid dragons
  2 water moccasins
  An ice beast (D:5)
  6 orc warriors
  2 sky beasts
  4 ogres
  A centaur (D:9)
  2 phantoms
  3 lemures (D:4)
  6 bullfrogs
  A necrophage (D:6)
  2 scorpions (D:6)
  7 wights
  A howler monkey (D:7)
  3 bullfrog zombies (D:6)
  A jelly (D:6)
  A human zombie (D:6)
  6 orc priests
  3 sleepcaps
  4 orc wizards
  Natasha (thrice) (D:2)
  3 iguanas
  2 killer bee zombies (D:6)
  A mummy (D:6)
  9 adders
  2 shadow imps (D:7)
  5 white imps
  An ufetubus (D:6)
  2 worms (D:3)
  A dart slug (D:4)
  64 orcs
  7 ball pythons
  3 endoplasms
  5 hobgoblins
  3 jackals (D:4)
  6 quokkas
  4 bats
  5 frilled lizards
  13 goblins
  5 kobolds (D:1)
  8 rats
239 creatures vanquished.

Vanquished Creatures (collateral kills)
  A troll (D:6)
1 creature vanquished.

Vanquished Creatures (others)
  A quokka (D:3)
1 creature vanquished.

Grand Total: 241 creatures vanquished

Notes
Turn   | Place    | Note
-------+----------+-------------------------------------------
     0 | D:1      | Wiggles the Minotaur Berserker began the quest for the Orb.
     0 | D:1      | Reached XP level 1. HP: 19/19 MP: 0/0
   155 | D:1      | Reached skill level 4 in Axes
   219 | D:1      | Reached XP level 2. HP: 24/26 MP: 1/1
   619 | D:2      | Reached ** piety under Trog
   760 | D:2      | Reached skill level 5 in Axes
   812 | D:2      | Noticed Natasha
   818 | D:2      | Killed Natasha
   819 | D:2      | Reached XP level 3. HP: 11/31 MP: 2/2
   951 | D:2      | Identified the +9 short sword "Odikles" {holy, rCorr Int-5
                  | Dex+5}
  1093 | D:2      | Noticed Natasha
  1100 | D:2      | HP: 1/46 [cerulean imp/+2 spear[Natasha] (4)]
  1105 | D:2      | Killed Natasha
  1106 | D:2      | Reached skill level 6 in Axes
  1106 | D:2      | Reached XP level 4. HP: 3/39 MP: 3/3
  1197 | D:2      | Noticed Natasha
  1200 | D:2      | Killed Natasha
  1589 | D:3      | Reached skill level 7 in Axes
  1589 | D:3      | Reached XP level 5. HP: 37/45 MP: 4/4
  1668 | D:3      | Found a broken altar of Ashenzari.
  2041 | D:3      | Reached *** piety under Trog
  2046 | D:3      | Found a sacrificial altar of Ru.
  2069 | D:3      | Found a white marble altar of Elyvilon.
  2453 | D:4      | Noticed a lemure
  2467 | D:4      | Killed a lemure
  2742 | D:4      | Identified the +1 chain mail "Roih" {+Blink Will- rCorr
                  | Int+3}
  2868 | D:4      | Reached skill level 8 in Axes
  2923 | D:4      | Reached XP level 6. HP: 36/51 MP: 5/5
  3286 | D:4      | Noticed Pikel
  3294 | D:4      | Killed Pikel
  3295 | D:4      | Reached skill level 10 in Axes
  3295 | D:4      | Reached skill level 1 in Shields
  3295 | D:4      | Reached XP level 7. HP: 57/57 MP: 6/6
  3550 | D:4      | Found a shadowy altar of Dithmenos.
  3588 | D:5      | Entered Level 5 of the Dungeon
  3618 | D:5      | Noticed Eustachio
  3642 | D:5      | Killed Eustachio
  3643 | D:5      | Reached skill level 11 in Axes
  3766 | D:5      | Reached XP level 8. HP: 64/64 MP: 7/7
  3770 | D:5      | Reached **** piety under Trog
  3801 | D:5      | Found a basalt altar of Yredelemnul.
  3810 | D:5      | Noticed Menkaure
  3815 | D:5      | Killed Menkaure
  3850 | D:5      | Found a blossoming altar of Fedhas.
  3908 | D:5      | Reached skill level 12 in Axes
  4499 | D:6      | Noticed a troll
  4507 | D:6      | Noticed a cyclops
  4510 | D:6      | Reached skill level 13 in Axes
  4518 | D:6      | Killed a troll
  4519 | D:6      | Reached skill level 1 in Evocations
  4519 | D:6      | Reached XP level 9. HP: 47/70 MP: 8/8
  4594 | D:6      | Killed a cyclops
  4595 | D:6      | Reached skill level 14 in Axes
  4595 | D:6      | Reached skill level 5 in Shields
  4816 | D:6      | Identified the +11 rapier "Bemico" {freeze, *Corrode rElec
                  | Str+2}
  4844 | D:6      | Found a glowing silver altar of Zin.
  5334 | D:6      | Found an ancient bone altar of Kikubaaqudgha.
  5816 | D:7      | Reached skill level 15 in Axes
  5873 | D:7      | Found a large runed translucent door.
  5949 | D:7      | Found a large runed translucent door.
  5960 | D:7      | Found a transporter.
  5963 | D:7      | Noticed Pepete's ghost (novice DECj)
  6046 | D:7      | Found a transporter.
  6114 | D:7      | Found a staircase to the Ecumenical Temple.
  6326 | D:7      | Reached XP level 10. HP: 77/77 MP: 9/9
  6493 | D:7      | Found a shimmering blue altar of Sif Muna.
  6507 | D:7      | Found a shimmering altar of Xom.
  6575 | D:7      | Killed Pepete's ghost
  6576 | D:7      | Reached skill level 16 in Axes
  7311 | D:9      | Noticed an orange crystal statue
  7388 | D:9      | Reached skill level 17 in Axes
  7611 | D:9      | Reached ***** piety under Trog
  7714 | D:9      | Reached skill level 18 in Axes
  7897 | D:9      | Found Fucar's Armour Shoppe.
  8107 | D:9      | Reached XP level 11. HP: 82/82 MP: 10/10
  8352 | D:9      | Received a gift from Trog
  8358 | D:9      | Reached skill level 19 in Axes
  8361 | D:9      | Found a staircase to the Orcish Mines.
  8849 | D:9      | Noticed a two-headed ogre
  8869 | D:9      | HP: 2/76 [yak[an orange crystal statue] (7)]
  8869 | D:9      | Slain by a yak

Illustrated notes

Levels and vault maps discovered:
D:1:      lemuel_arrival_behind_the_door_small, layout_rooms
D:2:      layout_basic, uniq_natasha
D:3:      layout_loops_ring, lemuel_crystal_altar,
          ashenzari_conservatory_becter, elyvilon_altar_4
D:4:      layout_cave_pools, mainiacjoe_overflow_brackets,
          serial_co_window_serial, co_window_corner_a, co_window_paths_a,
          co_window_cross_1, co_window_paths_a, co_window_corner_a,
          co_window_corner_a, co_window_corner_cb, co_window_2corner,
          co_window_paths_c, co_window_4corner_b, glass_columns_a,
          glass_columns_a, glass_columns_c, uniq_pikel
D:5:      layout_cave_pools, lemuel_tele_altar, lemuel_crystal_altar,
          nicolae_half_adder, uniq_menkaure, uniq_eustachio
D:6:      layout_loops_ring, lemuel_mausoleum_altar_kikubaaqudgha,
          mainiacjoe_overflow_concentric_impassable, kb_rosetta
D:7:      layout_cave_pools, jmf_multi_god_temple2, temple_green,
          gammafunk_ghost_arena
D:8:      layout_basic
D:9:      layout_roguey [special_room_orc], minmay_orc_entry_guard_dogs,
          serial_shops, shop_statue, minivault_16

Skill      XL: |  1  2  3  4  5  6  7  8  9 10 11 |
---------------+----------------------------------+-----
Axes           | 4 5 6 7 8 10 11 13 15 18 19 | 19.1
Shields        | 1 2 4 6 |  6.4
Evocations     | 1 |  1.6
Fighting       | |  3.6
Armour         | |  2.4
Dodging        | |  2.1
Stealth        | |  0.3

Action                     |  1- 3 |  4- 6 |  7- 9 | 10-12 || total
---------------------------+-------+-------+-------+-------++-------
  Melee: Hand axe          |    73 |   176 |   216 |       ||   465
         Headbutt          |     6 |    29 |    46 |    35 ||   116
         Punch             |       |     1 |     3 |     2 ||     6
         War axe           |       |       |    32 |   206 ||   238
 Invoke: Berserk           |     1 |     2 |     4 |     2 ||     9
         Brothers in Arms  |       |       |     1 |       ||     1
Ability: Evoke Blink       |       |     1 |       |       ||     1
    Use: Scroll            |       |       |    20 |     5 ||    25
 Armour: Animal skin       |     3 |       |       |       ||     3
         Chain mail        |    15 |    62 |    73 |    47 ||   197
         Leather armour    |     6 |       |       |       ||     6
  Dodge: Dodged            |    41 |    54 |    84 |   129 ||   308
  Block: Other             |       |    29 |    35 |    38 ||   102
         Reflection        |       |       |       |     1 ||     1
